 Seeded DCSS version 0.30-a0-800-g7c544603b3 (webtiles) character file.

Game seed: 8796237800415217726 (custom seed)

970 BigDaddyOpFi the Covert (level 8, -1/52 HPs)
             Began as an Octopode Fighter on Feb 21, 2023.
             Slain by an orc wizard
             ... wielding a +0 dagger
              (2 damage)
             ... on level 6 of the Dungeon.
             The game lasted 00:05:06 (4727 turns).

BigDaddyOpFi the Covert (Octopode Fighter)          Turns: 4727, Time: 00:05:06

Health: -1/52      AC:  1    Str: 20    XL:     8   Next: 16%
Magic:  17/17      EV: 13    Int: 11    God:
Gold:   1022       SH:  0    Dex: 11    Spells: 7/7 levels left

rFire   . . .      SeeInvis .    a - +0 war axe
rCold   . . .      Faith    .    e - +3 warlock's mirror {omnireflect}
rNeg    . . .      Spirit   .    (helmet restricted)
rPois   +          Reflect  +    k - amulet of regeneration
rElec   .          Harm     .    d - ring "Gask" {MP+9 Str+3}
rCorr   .          Rampage  .    y - ring of poison resistance
Will    .....                    (no ring)
Stlth   +++                      (no ring)
HPRegen 1.08/turn                (no ring)
MPRegen 0.15/turn                (no ring)
                                 (no ring)
                                 (no ring)

@: confused
A: almost no armour, amphibious, 8 rings, camouflage 1, gelatinous body 1,
(nimble swimmer 1), tentacles
a: no special abilities


You were on level 6 of the Dungeon.
You visited 1 branch of the dungeon, and saw 6 of its levels.

You collected 1022 gold pieces.

Inventory:

Hand Weapons
 a - a +0 war axe (weapon)
Armour
 e - the +3 warlock's mirror (worn) {omnireflect}
   (You acquired it on level 1 of the Dungeon)

   Omnireflect: It can block and reflect piercing ranged attacks and magical
   attacks against the wielder's willpower.
Jewellery
 d - the ring "Gask" (left tentacle) {MP+9 Str+3}
   (You acquired it on level 1 of the Dungeon)

   [ring of magical power]

   Str:       It affects your strength (+3).
   MP:        It affects your magic capacity (+9).
 k - an amulet of regeneration (around mantle)
 y - a ring of poison resistance (right tentacle)
 D - a ring of protection from fire
Wands
 u - a wand of paralysis (9) (quivered)
 C - a wand of flame (16)
Scrolls
 f - 2 scrolls of identify
 m - a scroll of fear {unknown}
 n - 3 scrolls of noise
 p - a scroll of magic mapping
 s - a scroll of vulnerability
 v - a scroll of enchant weapon {unknown}
 w - 2 scrolls of enchant armour
 x - 2 scrolls of poison
 B - a scroll of summoning {unknown}
Potions
 b - a potion of magic {unknown}
 c - 2 potions of might
 g - 3 potions of berserk rage
 h - 3 potions of curing
 i - 2 potions of attraction
 j - a potion of invisibility {unknown}
 l - a potion of lignification {unknown}
 o - a potion of mutation {unknown}
 t - 3 potions of brilliance {unknown}
 z - a potion of degeneration {unknown}
 A - a potion of haste {unknown}


   Skills:
 - Level 3.0 Fighting
 - Level 2.0 Axes
 - Level 3.0 Dodging
 * Level 12.7 Stealth
 - Level 3.0 Shields


You had 7 spell levels left.
You didn't know any spells.
Your spell library contained the following spells:

 Spells                   Type           Power      Damage    Failure   Level
 Magic Dart               Conj           0%         1d3       43%         1
 Call Imp                 Summ           0%         N/A       56%         2
 Ignite Poison            Fire/Tmut/Pois 0%         N/A       80%         3
 Kindle Blastsparks       Fire/Tloc/Air  0%         2d10      80%         3
 Mephitic Cloud           Conj/Pois/Air  0%         N/A       80%         3
 Freezing Cloud           Conj/Ice/Air   0%         6-21      100%        5


Dungeon Overview and Level Annotations

Branches:
Dungeon (6/15)             Temple (0/1) D:6

Altars:

Shops:
D:1 :   D:2 *   D:5 (


Innate Abilities, Weirdness & Mutations

You cannot wear most types of armour.
You are amphibious.
You can wear up to eight rings at the same time.
Your skin changes colour to match your surroundings (Stealth+).
Your rubbery body absorbs attacks. (AC +1, EV +1)
((You are camouflaged when in or above water. (Stealth+)))
You have tentacles for arms and can constrict up to eight enemies at once.


Message History

You closely miss the orc. You hit the orc. You constrict the orc priest.
The orc misses you. Something hits you.
The orc priest miscasts a cantrip.
The orc closely misses you. You block the orc's attack.
You hit the orc priest.
The orc priest is heavily wounded.
You closely miss something. You closely miss the orc. x2
You constrict the orc priest. The orc closely misses you. Something hits you.
You block the orc priest's attack. The orc hits you with a +0 flail.
The orc closely misses you. The orc misses you.
The orc hits you with a +0 flail. You block the orc's attack.
Something hits you. You block the orc priest's attack.
You hit the orc priest.
You kill the orc priest!
You barely miss something. You closely miss the orc.
You hit the orc but do no damage. The orc hits you with a +0 short sword.
Something hits you. You block the orc's attack. The orc closely misses you.
You closely miss something. Your squeeze misses something.
You barely miss the orc. You closely miss the orc. The orc barely misses you.
Something hits you. The orc closely misses you. You block the orc's attack.
The orc hits you with a +0 short sword. The orc misses you.
You block the orc's attack. Something hits you.
You closely miss something. You hit the orc. You barely miss the orc.
You block the orc's attack. The orc closely misses you.
You hear some strange, mumbled words.
You are confused.
The orc hits you from afar with a +0 trident.
You slash the orc!
You kill the orc!
You miss the orc. You closely miss something. The orc barely misses you.
You hear some strange, mumbled words.
Something tries to affect you, but you resist.
The orc hits you with a +0 flail!
* * * LOW HITPOINT WARNING * * *
The orc hits you from afar with a +0 trident!
* * * LOW HITPOINT WARNING * * *
The orc hits you with a +0 flail!
* * * LOW HITPOINT WARNING * * *
Something hits you.
You die...

... ...#.#.)..###
... ........##.#
..... ##......#.##
......##.....#..#
#............####
...........###.#
####..#.......##[###
#..............#.).#
.#..............@{.#
.....l.<......##o).#
......).......###o.#
.....)....#.... ..#
..............# ..#
..#........##.# ..#
......#<.....# ###
.....##........
#...###..##....


You could see 2 orcs.

Vanquished Creatures
  A black bear (D:5)
  An ogre (D:5)
  A centaur (D:6)
  A necrophage (D:6)
  A scorpion (D:5)
  3 jellies
  A hound (D:4)
  A gnoll bouda (D:5)
  2 orc priests
  An iguana (D:5)
  5 orc wizards
  6 gnolls
  8 adders
  A shadow imp (D:5)
  2 ufetubi
  A worm (D:2)
  12 orcs
  9 endoplasms
  6 giant cockroaches
  5 hobgoblins
  11 jackals
  3 quokkas
  4 ball pythons
  5 bats
  4 goblins
  3 kobolds
  5 rats
103 creatures vanquished.

Notes
Turn   | Place    | Note
-------+----------+-------------------------------------------
     0 | D:1      | BigDaddyOpFi the Octopode Fighter began the quest for the
                  | Orb.
     0 | D:1      | Reached XP level 1. HP: 16/16 MP: 1/1
    11 | D:1      | Found Veoliky's Book Emporium.
    32 | D:1      | Identified 3 scrolls of acquirement
    32 | D:1      | Acquired the +3 warlock's mirror {omnireflect}
    32 | D:1      | Found the +3 warlock's mirror {omnireflect}
    34 | D:1      | Acquired 674 gold pieces
    36 | D:1      | Acquired the ring "Gask" {MP+9 Str+3}
   162 | D:1      | Reached skill level 1 in Stealth
   187 | D:1      | Reached skill level 2 in Stealth
   187 | D:1      | Reached XP level 2. HP: 21/21 MP: 2/2
   616 | D:2      | Reached skill level 3 in Stealth
   663 | D:2      | Reached XP level 3. HP: 26/26 MP: 3/3
   710 | D:2      | Reached skill level 4 in Stealth
   746 | D:2      | Found a faded altar of an unknown god.
   767 | D:2      | Reached skill level 5 in Stealth
   767 | D:2      | Reached XP level 4. HP: 31/31 MP: 4/4
  1124 | D:2      | Found Fuiquv's Assorted Antiques.
  1541 | D:2      | Identified the +4 hand axe "Fumm" {freeze, *Rage Dex+4}
  2024 | D:3      | Reached skill level 6 in Stealth
  2039 | D:3      | Reached XP level 5. HP: 10/36 MP: 5/5
  2171 | D:3      | Reached skill level 7 in Stealth
  2217 | D:4      | Reached skill level 8 in Stealth
  2217 | D:4      | Reached XP level 6. HP: 42/42 MP: 6/6
  2633 | D:5      | Entered Level 5 of the Dungeon
  2647 | D:5      | Reached skill level 9 in Stealth
  2820 | D:5      | Reached XP level 7. HP: 37/46 MP: 7/7
  2976 | D:5      | Reached skill level 10 in Stealth
  3126 | D:5      | Reached skill level 11 in Stealth
  3163 | D:5      | Found Zunkiod's Weapon Emporium.
  3708 | D:6      | Found a staircase to the Ecumenical Temple.
  3728 | D:6      | HP: 2/46 [orc priest/divine providence (10)]
  4569 | D:6      | Reached skill level 12 in Stealth
  4569 | D:6      | Reached XP level 8. HP: 49/52 MP: 8/8
  4727 | D:6      | HP: 1/52 [orc/+0 flail (7)]
  4727 | D:6      | Slain by an orc wizard

Illustrated notes

Levels and vault maps discovered:
D:1:      heliophobic_arrival_henge, layout_rooms, serial_shops, shop_statue
D:2:      layout_basic, serial_shops, nicolae_lakefront_shop,
          ebering_ecumenical_altar_ruins
D:3:      layout_basic
D:4:      layout_rooms, kennysheep_generic_room_4
D:5:      layout_loops_corners, serial_shops, nicolae_shop_behind_doors
D:6:      layout_layer_cave, minmay_temple_entry_arrows, chequers_avenue

Skill      XL: |  1  2  3  4  5  6  7 |
---------------+----------------------+-----
Stealth        | 2 3 5 6 8 9 12 | 12.7
Fighting       | |  3.0
Axes           | |  2.0
Dodging        | |  3.0
Shields        | |  3.0

Action                     |  1- 3 |  4- 6 |  7- 9 || total
---------------------------+-------+-------+-------++-------
  Melee: War axe           |    38 |    94 |    58 ||   190
         Constrict         |     7 |    22 |    14 ||    43
         Tentacles         |     4 |    16 |    19 ||    39
         Punch             |     1 |     2 |     2 ||     5
  Evoke: Wand              |       |       |     1 ||     1
    Use: Scroll            |     3 |       |    11 ||    14
   Stab: Sleeping          |     3 |    17 |     8 ||    28
         Distracted        |       |     1 |       ||     1
         Confused          |       |       |     1 ||     1
         Paralysed         |       |       |     1 ||     1
 Armour: Skin              |     2 |     7 |     4 ||    13
  Dodge: Dodged            |    21 |    67 |    56 ||   144
  Block: Buckler           |    13 |    30 |    42 ||    85
         Reflection        |       |       |     4 ||     4

Table legend: (Time is in decaauts)
 A = Elapsed time spent in this place.
 B = Non-inter-level travel time spent in this place.
 C = Inter-level travel time spent in this place.
 D = Time resting spent in this place.
 E = Time spent auto-exploring this place.
 F = Levels seen in this place.
 G = Mean time per level.
                   A        B        C        D        E       F      G
               +--------+--------+--------+--------+--------+-----+--------+
         Total |   4813 |   4632 |    181 |   1040 |   2829 |   6 |  802.2 |
       Dungeon |   4813 |   4632 |    181 |   1040 |   2829 |   6 |  802.2 |
               +--------+--------+--------+--------+--------+-----+--------+

Top non-repeatable levels by time:
     D:5: 1903 daAuts
     D:2: 1084 daAuts
     D:1: 616 daAuts
     D:3: 508 daAuts
     D:4: 479 daAuts
     D:6: 221 daAuts
